 Dungeon Crawl Stone Soup version 0.32-a0-612-g1c984fe9d1 (webtiles) character file.

Game seed: 13439148025816255767

1236 ezpacito the Chopper (level 8, -1/57 (65) HPs)
             Began as a Coglin Chaos Knight on Mar 4, 2024.
             Was a Plaything of Xom.
             Slain by a wight
             ... wielding a +4 falchion
              (2 damage)
             ... on level 6 of the Dungeon.
             The game lasted 00:07:57 (4430 turns).

ezpacito the Chopper (Coglin Chaos Knight)          Turns: 4430, Time: 00:07:57

HP:   -1/57 (65)    AC: 12    Str:  7 (10) XL:     8   Next: 49%
MP:   12/12         EV:  5    Int:  9 (11) God:    Xom [*.....]
Gold: 194           SH:  0    Dex: 16 (17) Spells: 13/13 levels left

rFire   . . .        a - +1 hand axe (chaos) {Raúl}
rCold   + . .        p - +0 trident {Ernst}
rNeg    . . .        l - +1 chain mail
rPois   .            (no helmet)
rElec   +            (no cloak)
rCorr   .            (no gloves)
SInv    .            b - +0 pair of boots of the Lost Path {rElec Str-4 Slay+3 Stlth+}
Will    .....        (amulet unavailable) Stlth
                     (ring unavailable)
HPRegen 0.29/turn    (ring unavailable)
MPRegen 0.13/turn    (no gizmo)

%: no passive effects
@: mighty, heavily drained
A: off-hand wielding, slow wielding, warmup strikes, no jewellery, agile 1, cold
resistance 1
a: Invent Gizmo, Renounce Religion


You were on level 6 of the Dungeon.
You worshipped Xom.
You were a special plaything of Xom.
You visited 1 branch of the dungeon, and saw 6 of its levels.

You collected 346 gold pieces.
You spent 152 gold pieces at shops.

Inventory:

Hand Weapons
 a - a +1 hand axe of chaos (weapon) {Raúl}
 c - the +7 great sword of Defiance {holy, Int+3}
   (You found it on level 4 of the Dungeon)

   Int+3:     It affects your intelligence (+3).
 d - a +0 war axe
 p - a +0 trident (offhand) {Ernst}
Missiles
 i - 9 poisoned darts
Armour
 b - the +0 pair of boots of the Lost Path (worn) {rElec Str-4 Slay+3 Stlth+}
   (You bought it in a shop on level 6 of the Dungeon)

   Str-4:     It affects your strength (-4).
   Slay+3:    It affects your accuracy & damage with ranged weapons and melee
   (+3).
   rElec:     It insulates you from electricity.
   Stlth+:    It makes you more stealthy.
 l - a +1 chain mail (worn)
Magical Staves
 f - a staff of air
 o - a staff of death
Wands
 m - a wand of light (15)
Scrolls
 g - 3 scrolls of vulnerability
 t - a scroll of teleportation
Potions
 e - a potion of cancellation
 h - 3 potions of attraction
 q - a potion of curing


   Skills:
 * Level 6.6 Fighting
 * Level 6.6(7.2) Axes
 + Level 3.5(5.2) Polearms
 - Level 2.9 Throwing
 * Level 5.7 Armour
 * Level 5.4 Dodging
 + Level 3.1 Spellcasting
 + Level 6.3 Evocations


You had 13 spell levels left.
You didn't know any spells.
Your spell library contained the following spells:

 Spells                   Type           Power      Damage    Failure   Level
 Foxfire                  Conj/Fire      4%         2x1d4     100%        1
 Kiss of Death            Conj/Necr      4%         2d5       100%        1
 Shock                    Conj/Air       4%         1d3       100%        1
 Dazzling Flash           Conj/Hex       2%         N/A       100%        3
 Inner Flame              Hex/Fire       1%         N/A       100%        3
 Mephitic Cloud           Conj/Alch/Air  1%         N/A       100%        3
 Curse of Agony           Necr           1%         N/A       100%        5
 Irradiate                Conj/Alch      0%         3d11      100%        5
 Silence                  Hex/Air        0%         N/A       100%        5
 Ignition                 Fire           0%         3d3       100%        8


Dungeon Overview and Level Annotations

Branches:
Dungeon (6/15)
 Temple: D:4-7

Altars:
Dithmenos
Fedhas

Shops:
D:6 [


Innate Abilities, Weirdness & Mutations

You can wield a second weapon in your off-hand.
It takes a long time for you to wield or remove held weapons.
Your first few attacks do less damage.
You cannot equip rings or amulets.
You are agile. (Dex +4, Str/Int -1)
Your flesh is cold resistant. (rC+)


Message History

A wight comes into view. It is wielding a +0 great sword.
A wight comes into view. It is wielding a +3 morningstar.
A wight comes into view. It is wielding a +4 falchion.
The wight barely misses you.
A wight comes into view. It is wielding a +0 halberd.
The wight hits you with a +3 morningstar!
You feel drained. The wight hits you but does no damage.
You take 18 damage, and have 47/63 hp.
MASSIVE DAMAGE!!
You hit the wight with your +1 hand axe of chaos.
You burn the wight.
The wight is moderately damaged.
You hit the wight with your +1 hand axe of chaos.
You hit the wight with your +0 trident.
The wight hits you with a +3 morningstar.
You feel drained. The wight hits you but does no damage.
You take 9 damage, and have 38/61 hp.
It was a potion of cancellation.
You feel magically purged.
Xom roars with laughter!
The wight hits you with a +3 morningstar.
The wight hits you with a +0 great sword!
You take 14 damage, and have 24/61 hp.
MASSIVE DAMAGE!!
It was a potion of might.
You feel very mighty all of a sudden.
The wight hits you from afar with a +0 halberd.
* * * LOW HITPOINT WARNING * * *
You feel drained.
* * * LOW HITPOINT WARNING * * *
The wight hits you but does no damage.
The wight hits you with a +0 great sword.
* * * LOW HITPOINT WARNING * * *
You take 14 damage, and have 10/59 hp.
MASSIVE DAMAGE!!
It was a potion of magic.
Magic courses through your body. The wight barely misses you.
The wight hits you with a +3 morningstar!
* * * LOW HITPOINT WARNING * * *
You feel drained.
* * * LOW HITPOINT WARNING * * *
The wight hits you with a +4 falchion.
You die...
Xom roars with laughter!

#.. .... # ... ....#
#.#.##.... #####.#......
.. ......#.##.#####
###.# ......z........
.....
.......z...#.########.#.
......z@............#...
......z....#......#.#.#.
###.######.#............
# #..............
#####.#......#.....
...................
#####.#.######..###
#.#.#### #..# # #......#
#..# #


You could see 4 wights.

Vanquished Creatures
  Eustachio (D:4)
  A water moccasin (D:6)
  An ogre (D:4)
  A phantom (D:5)
  A scorpion (D:6)
  A bombardier beetle (D:3)
  2 orc priests
  2 hounds
  4 iguanas
  A sleepcap (D:4)
  An orc wizard (D:4)
  5 gnolls
  6 adders
  3 dart slugs
  2 ribbon worms
  6 orcs
  9 endoplasms
  2 giant cockroaches
  8 goblins
  8 hobgoblins
  5 jackals (D:2)
  4 quokkas
  8 ball pythons
  8 bats
  A frilled lizard (D:1)
  5 kobolds
  13 rats
109 creatures vanquished.

Notes
Turn   | Place    | Note
-------+----------+-------------------------------------------
     0 | D:1      | ezpacito the Coglin Chaos Knight began the quest for the
                  | Orb.
     0 | D:1      | Reached XP level 1. HP: 18/18 MP: 1/1
    56 | D:1      | Reached skill level 1 in Dodging
    77 | D:1      | XOM: silly message
   129 | D:1      | Reached XP level 2. HP: 24/24 MP: 2/2
   244 | D:1      | Reached XP level 3. HP: 29/29 MP: 3/3
   712 | D:2      | XOM: divination: detect creatures
   713 | D:2      | XOM: noise
   797 | D:2      | Reached XP level 4. HP: 29/35 MP: 4/4
   888 | D:2      | XOM: potion effect (might)
   893 | D:2      | Reached skill level 1 in Polearms
   914 | D:2      | Found a faded altar of an unknown god.
  1100 | D:2      | Found a blossoming altar of Fedhas.
  1195 | D:2      | Reached XP level 5. HP: 40/41 MP: 6/6
  1511 | D:3      | Reached skill level 1 in Spellcasting
  1706 | D:3      | XOM: silly message
  1981 | D:3      | Reached XP level 6. HP: 48/48 MP: 7/7
  2017 | D:3      | Got An Exordium to the Sigils and Symbols
  2334 | D:4      | XOM: divination: detect items
  2392 | D:4      | Found a shadowy altar of Dithmenos.
  2456 | D:4      | Reached skill level 5 in Armour
  2456 | D:4      | Reached skill level 5 in Dodging
  2456 | D:4      | Reached XP level 7. HP: 27/59 MP: 7/11
  2469 | D:4      | Gained mutation: Your flesh is cold resistant. (rC+)
                  | [potion of mutation]
  2469 | D:4      | Gained mutation: Your spells are a little easier to cast,
                  | but a little less powerful. [potion of mutation]
  2469 | D:4      | Lost mutation: Your spells are a little easier to cast, but
                  | a little less powerful. [potion of mutation]
  2469 | D:4      | Gained mutation: You are agile. (Dex +4, Str/Int -1)
                  | [potion of mutation]
  2681 | D:4      | XOM: noise
  2692 | D:4      | XOM: divination: detect creatures
  2736 | D:4      | Identified the +7 great sword of Defiance {holy, Int+3}
  2864 | D:4      | Noticed Eustachio
  2892 | D:4      | Killed Eustachio
  2893 | D:4      | Reached XP level 8. HP: 47/65 MP: 12/12
  2942 | D:4      | XOM: divination: detect items
  3181 | D:5      | Entered Level 5 of the Dungeon
  3548 | D:5      | XOM: summons 2 hostile demons
  3829 | D:5      | XOM: summons 5 hostile demons
  3916 | D:5      | XOM: stat loss: -1 Int (9/11)
  3991 | D:5      | XOM: summons 2 hostile demons
  4251 | D:6      | Found Biodun's Antique Armour Shoppe.
  4264 | D:6      | Bought a pair of heavily runed boots for 152 gold pieces
  4264 | D:6      | Identified the +0 pair of boots of the Lost Path {rElec
                  | Str-4 Slay+3 Stlth+} (You bought it in a shop on level 6 of
                  | the Dungeon)
  4430 | D:6      | HP: 1/57 [wight/+3 morningstar (2)]
  4430 | D:6      | Slain by a wight

Illustrated notes

Levels and vault maps discovered:
D:1:      sevenhm_arrival_forest_fort_large_4, layout_rooms, minmay_heptomino_d4
D:2:      minmay_chambers_of_twos, layout_basic, basic_altar,
          shapermc_ecumenical_altar_mp_ritualfount
D:3:      layout_loops_cross
D:4:      layout_rooms, grunt_dithmenos_smoke, hangedman_glass_teeth,
          uniq_eustachio
D:5:      layout_cave_pods, minmay_tree_intersection
D:6:      minmay_goblin_kobold_castle, layout_basic, enter_ossuary_2,
          serial_shops, nicolae_shop_hallway_stairs

Skill      XL: |  1  2  3  4  5  6  7 |
---------------+----------------------+-----
Dodging        | 1 2 5 |  5.4
Armour         | 2 5 |  5.7
Polearms       | 1 3 |  3.5
Spellcasting   | 1 2 3 |  3.1
Axes           | 6 |  6.6
Fighting       | 6 |  6.6
Throwing       | 2 |  2.9
Evocations     | 6 |  6.3

Action                     |  1- 3 |  4- 6 |  7- 9 || total
---------------------------+-------+-------+-------++-------
  Melee: Dagger            |    44 |       |       ||    44
         Hand axe          |    66 |   111 |   105 ||   282
         Spear             |    18 |   124 |   130 ||   272
         Trident           |       |       |     1 ||     1
    Use: Scroll            |       |     7 |     5 ||    12
         Potion            |       |     3 |     6 ||     9
   Stab: Sleeping          |     1 |     1 |       ||     2
         Distracted        |       |       |     1 ||     1
 Armour: Leather armour    |    39 |    72 |    75 ||   186
         Chain mail        |       |       |    22 ||    22
  Dodge: Dodged            |    36 |    74 |    81 ||   191

Table legend: (Time is in decaauts)
 A = Elapsed time spent in this place.
 B = Non-inter-level travel time spent in this place.
 C = Inter-level travel time spent in this place.
 D = Time resting spent in this place.
 E = Time spent auto-exploring this place.
 F = Levels seen in this place.
 G = Mean time per level.
                   A        B        C        D        E       F      G
               +--------+--------+--------+--------+--------+-----+--------+
         Total |   4434 |   4298 |    136 |    172 |   3163 |   6 |  739.0 |
       Dungeon |   4434 |   4298 |    136 |    172 |   3163 |   6 |  739.0 |
               +--------+--------+--------+--------+--------+-----+--------+

Top non-repeatable levels by time:
     D:5: 1040 daAuts
     D:2: 864 daAuts
     D:4: 852 daAuts
     D:3: 834 daAuts
     D:1: 641 daAuts
     D:6: 201 daAuts
